 Dungeon Crawl Stone Soup version 0.25.1-1-g288607f5aa (webtiles) character file.

Game seed: 663622904279989803

22766 Setanta the Basher (level 13, 0/87 HPs)
             Began as a Gargoyle Fighter on July 24, 2020.
             Was an Initiate of Gozag.
             Killed from afar by a wretched star (10 damage)
             ... with a lance of force
             ... on level 2 of the Abyss.
             The game lasted 00:34:09 (16562 turns).

Setanta the Basher (Gargoyle Fighter)              Turns: 16562, Time: 00:34:09

Health: 0/87       AC: 22    Str: 24    XL:     13   Next: 2%
Magic:  13/13      EV: 18    Int:  9    God:    Gozag
Gold:   2114       SH: 11    Dex: 13    Spells: 12/12 levels left

rFire    + + .     SeeInvis .   w - +3 flail (vorpal)
rCold    + . .     Gourm    .   c - +0 kite shield
rNeg     + . .     Faith    .   r - +2 leather armour of Fallacy {rF++}
rPois    ∞         Spirit   .   (no helmet)
rElec    +         Reflect  .   y - +1 cloak
rCorr    .         Harm     .   j - +2 pair of gloves {Str+3}
MR       .....                  T - +0 pair of boots
Stlth    +.........             (no amulet)
HPRegen  0.24/turn              X - +4 ring of evasion
MPRegen  0.13/turn              O - ring of protection from cold

@: no status effects
A: negative energy resistance 1, electricity resistance, unbreathing,
petrification resistance, rot immunity, AC +9
a: Potion Petition, Call Merchant, Bribe Branch, Renounce Religion


You were on level 2 of the Abyss.
You worshipped Gozag.
Gozag was most pleased with you.
You were not hungry.

You visited 3 branches of the dungeon, and saw 15 of its levels.
You visited the Abyss 1 time.
You also visited: Sewer.

You collected 3204 gold pieces.
You spent 410 gold pieces at shops.
You paid 680 gold pieces to Gozag.

Inventory:

Hand Weapons
 n - a +2 vorpal hand axe
 o - a +0 morningstar of holy wrath
 p - a +4 scimitar of flaming
 w - a +3 vorpal flail (weapon)
Missiles
 E - 9 boomerangs (quivered)
 G - 6 throwing nets
Armour
 a - the +4 ring mail "Zaogh" {MR+}
   (You found it on level 1 of the Abyss)

   It affects your resistance to hostile enchantments.
 c - a +0 kite shield (worn)
 g - a +2 leather armour of cold resistance
 j - a +2 pair of gloves of strength (worn)
 r - the +2 leather armour of Fallacy (worn) {rF++}
   (You found it in a sewer)

   It greatly protects you from fire.
 y - a +1 cloak (worn)
 D - a +1 leather armour of fire resistance
 T - a +0 pair of boots (worn)
Jewellery
 A - an uncursed ring of protection from magic
 O - a ring of protection from cold (right hand)
 R - a +6 ring of dexterity
 X - a +4 ring of evasion (left hand)
 Z - an uncursed ring of flight
Wands
 m - a wand of iceblast (15)
 S - a wand of acid (6)
 V - a wand of digging (6)
Scrolls
 b - a scroll of enchant weapon
 h - 7 scrolls of remove curse
 k - 2 scrolls of fear
 z - 5 scrolls of teleportation
 J - 4 scrolls of identify
 K - 5 scrolls of fog
 P - a scroll of magic mapping
Potions
 d - a potion of might
 e - a potion of haste
 l - 5 potions of curing
 q - a potion of magic
 x - 2 potions of stabbing
 N - 3 potions of berserk rage
Comestibles
 f - 15 rations


   Skills:
 * Level 12.9 Fighting
 - Level 2.9 Long Blades
 + Level 13.1 Maces & Flails
 - Level 7.3 Armour
 - Level 6.6 Dodging
 - Level 7.7 Shields


You had 12 spell levels left.
You didn't know any spells.
Your spell library contained the following spells:

 Spells                   Type           Power        Failure   Level  Hunger
 Corona                   Hex            #......      75%         1    ##.....
 Blink                    Tloc           N/A          87%         2    ###....
 Ensorcelled Hibernation  Hex/Ice        #.....       87%         2    ###....
 Shroud of Golubria       Chrm/Tloc      #.....       87%         2    ###....
 Confusing Touch          Hex            #.......     98%         3    ####...
 Dazzling Flash           Conj/Hex       #.....       98%         3    ####...
 Gell's Gravitas          Tloc           #.........   98%         3    ####...
 Lesser Beckoning         Tloc           #.........   98%         3    ####...
 Teleport Other           Tloc           #.......     98%         3    ####...
 Tukima's Dance           Hex            #.......     98%         3    ####...
 Passage of Golubria      Tloc           N/A          100%        4    #####..


Dungeon Overview and Level Annotations

Branches:
Dungeon (9/15)             Temple (1/1) D:4            Lair (5/6) D:9
  Swamp (0/4) Lair:4       Spider (0/4) Lair:2          Orc (0/2) D:9
  Sewer (visited)
  Slime: Lair:5-6

Altars:
Ashenzari
Cheibriados
Dithmenos
Elyvilon
Fedhas
Gozag
Hepliaklqana
Kikubaaqudgha
Makhleb
Nemelex Xobeh
Okawaru
Qazlal
Ru
Sif Muna
Trog
Uskayaw
Vehumet
Wu Jian
Xom
Yredelemnul
Zin
The Shining One
Beogh

Shops:
D:5 %(*[   D:7 *

Annotations:
Lair:3 exclusion: oklob plant
Lair:5 Sonja


Innate Abilities, Weirdness & Mutations

You are resistant to torment.
Your stone body is resilient. (AC +9)
You are immune to poison.
You resist negative energy. (rN+)
You are resistant to electric shocks. (rElec)
You can survive without breathing.
You are immune to petrification.
You are immune to rotting.


Message History

A wretched star is nearby!
Found a scroll of enchant weapon.
A small abomination comes into view.
b - a scroll of enchant weapon
There are no items here.
The wretched star glows turbulently.
The lance of force hits you!!
You are knocked back by the lance of force.
You slam into the crystal wall!
* * * LOW HITPOINT WARNING * * *
The wretched star glows turbulently.
The lance of force hits you!
* * * LOW HITPOINT WARNING * * *
You are knocked back by the lance of force.
You slam into the stone wall!
The small abomination closely misses you.
The wretched star glows turbulently.
The lance of force hits you!
You die...
Your body crumbles into a pile of gold.

.# ## #.. ## .
.# ..# ... ##..
##. #.##.. ##..
..#
##...###.####...
#......*x#.#.. #
#....@..#.###
###.
#..##.#.....# .
. ##..#.#.....##
#. ..#######.##
... ##...#.# #.#
#. # ##...# ..#
.*#.##. .##.#
.##.. . # .##
#.... #.. ###


You could see a wretched star and a small abomination.

Vanquished Creatures
  Harold (D:9)
  6 hydras
  Erica (D:8)
  Pikel (D:9)
  4 black mambas
  A rime drake (Lair:3)
  6 komodo dragons
  5 spiny frogs
  7 blink frogs
  10 hippogriffs
  A spriggan (D:7)
  Eustachio (D:4)
  17 yaks
  3 wyverns
  Grum (D:5)
  A hungry ghost (D:6)
  Menkaure (D:6)
  Edmund (D:4)
  6 porcupines
  5 orc warriors
  4 water moccasins
  Purgy (Sewer)
  2 black bears
  A slave (D:9)
  A necrophage (D:8)
  A sky beast (D:8)
  2 wolves (D:5)
  An ogre (D:9)
  4 centaurs
  5 crocodiles
  A big kobold (D:8)
  2 gnoll sergeants (D:5)
  10 bullfrogs
  2 wyvern skeletons
  A howler monkey (D:4)
  5 wights (D:8)
  An electric eel (Lair:3)
  2 crimson imps
  A centaur zombie (D:6)
  12 hounds
  Crazy Yiuf (D:4)
  8 orc wizards
  7 orc priests
  A jelly (D:8)
  2 centaur skeletons
  A gnoll shaman (D:7)
  5 iguanas
  8 worker ants
  8 gnolls
  A howler monkey skeleton (D:4)
  7 adders
  A shadow imp (D:8)
  An adder skeleton (D:8)
  6 worms
  6 dart slugs
  8 leopard geckos
  50 orcs
  5 giant cockroaches
  5 goblins
  3 hobgoblins
  8 jackals
  2 quokkas
  12 bats
  3 frilled lizards
  15 kobolds
  A leopard gecko skeleton (D:5)
  A leopard gecko zombie (D:5)
  9 rats
  A bush (D:1)
  3 fungi
327 creatures vanquished.

Vanquished Creatures (others)
  A centaur skeleton (D:9)
  A hound zombie (D:9)
  A hound skeleton (D:9)
  2 jackals (D:9)
  7 fungi
  A plant (Lair:3)
13 creatures vanquished.

Grand Total: 340 creatures vanquished

Notes
Turn   | Place    | Note
-------+----------+-------------------------------------------
     0 | D:1      | Setanta the Gargoyle Fighter began the quest for the Orb.
     0 | D:1      | Reached XP level 1. HP: 14/14 MP: 1/1
   229 | D:1      | Reached XP level 2. HP: 20/20 MP: 2/2
   456 | D:1      | Reached XP level 3. HP: 23/24 MP: 3/3
  1624 | D:2      | Reached skill level 3 in Maces & Flails
  2241 | D:2      | Reached XP level 4. HP: 20/29 MP: 4/4
  2649 | D:3      | Found a glowing drain.
  2707 | D:3      | Reached skill level 4 in Maces & Flails
  2719 | D:3      | Reached XP level 5. HP: 23/34 MP: 5/5
  2786 | Sewer    | Entered a sewer
  2873 | Sewer    | Noticed Purgy
  2884 | Sewer    | Killed Purgy
  2884 | Sewer    | Reached skill level 5 in Maces & Flails
  2898 | Sewer    | Got a heavily runed leather armour
  2923 | Sewer    | Identified the +2 leather armour of Fallacy {rF++} (You
                  | found it in a sewer)
  2965 | D:3      | Reached XP level 6. HP: 38/40 MP: 6/6
  3479 | D:4      | Noticed Eustachio
  3489 | D:4      | Killed Eustachio
  3489 | D:4      | Reached skill level 5 in Fighting
  3689 | D:4      | Found a staircase to the Ecumenical Temple.
  3690 | D:4      | Noticed Edmund
  3723 | D:4      | Killed Edmund
  3723 | D:4      | Reached skill level 6 in Maces & Flails
  3723 | D:4      | Reached XP level 7. HP: 30/45 MP: 7/7
  4053 | D:4      | Found a bloodstained altar of Trog.
  4118 | D:4      | Found a runed translucent door.
  4119 | D:4      | Noticed Crazy Yiuf
  4129 | D:4      | Killed Crazy Yiuf
  4181 | Temple   | Entered the Ecumenical Temple
  4378 | Temple   | Became a worshipper of Gozag Ym Sagoz the Greedy
  4437 | D:5      | Entered Level 5 of the Dungeon
  4460 | D:5      | Reached skill level 7 in Maces & Flails
  4767 | D:5      | Reached XP level 8. HP: 43/52 MP: 8/8
  4869 | D:5      | Noticed Grum
  4877 | D:5      | Killed Grum
  4877 | D:5      | Reached skill level 5 in Armour
  5329 | D:5      | Found Boivagui's General Store.
  5341 | D:5      | Bought a ration for 55 gold pieces
  5797 | D:5      | Reached skill level 8 in Maces & Flails
  5797 | D:5      | Reached XP level 9. HP: 34/59 MP: 9/9
  6102 | D:5      | Found Huteet's Armour Boutique.
  6110 | D:5      | Bought a +2 leather armour of cold resistance for 190 gold
                  | pieces
  6110 | D:5      | Bought a +1 pair of gloves of strength for 165 gold pieces
  6156 | D:5      | Found Feankes's Weapon Emporium.
  6158 | D:5      | Found Biwnexkirgh's Food Shoppe.
  6274 | D:6      | Noticed Menkaure
  6278 | D:6      | Killed Menkaure
  6784 | D:6      | Reached skill level 9 in Maces & Flails
  7789 | D:7      | Reached skill level 10 in Fighting
  7837 | D:7      | Found Wewn's Elemental Accessories.
  7903 | D:7      | Reached skill level 10 in Maces & Flails
  7903 | D:7      | Reached XP level 10. HP: 68/68 MP: 10/10
  8185 | D:7      | Found a sparkling altar of Nemelex Xobeh.
  8588 | D:8      | Found a sacrificial altar of Ru.
  9259 | D:8      | Reached skill level 11 in Maces & Flails
  9352 | D:9      | Found a roughly hewn altar of Beogh.
  9352 | D:9      | Found a staircase to the Orcish Mines.
  9352 | D:9      | Noticed Erica
  9507 | D:8      | Killed Erica
  9773 | D:9      | Noticed Pikel
  9783 | D:9      | Killed Pikel
  9783 | D:9      | Reached XP level 11. HP: 68/73 MP: 11/11
 10118 | D:9      | Noticed Harold
 10132 | D:9      | Killed Harold
 10362 | D:9      | Found a staircase to the Lair.
 10368 | D:9      | Noticed a four-headed hydra
 10381 | D:9      | Killed a four-headed hydra
 10683 | Lair:1   | Entered Level 1 of the Lair of Beasts
 11440 | Lair:1   | Reached skill level 12 in Maces & Flails
 12212 | Lair:2   | Noticed an eight-headed hydra
 12225 | Lair:2   | Killed a three-headed hydra
 12513 | Lair:2   | Found a hole to the Spider Nest.
 12559 | Lair:2   | Reached skill level 1 in Long Blades
 12630 | Lair:2   | Noticed a four-headed hydra
 12647 | Lair:2   | Killed a four-headed hydra
 12647 | Lair:2   | Reached XP level 12. HP: 53/81 MP: 12/12
 12764 | Lair:2   | Reached skill level 1 in Dodging
 13001 | Lair:2   | Noticed a six-headed hydra
 13027 | Lair:2   | Killed a six-headed hydra
 13748 | Lair:3   | Reached skill level 5 in Dodging
 14334 | Lair:3   | Noticed a seven-headed hydra
 14347 | Lair:3   | Killed a seven-headed hydra
 15230 | Lair:4   | Found a staircase to the Swamp.
 15376 | Lair:4   | Noticed a four-headed hydra
 15389 | Lair:4   | Killed a four-headed hydra
 15499 | Lair:4   | Reached skill level 13 in Maces & Flails
 15906 | Lair:4   | Reached XP level 13. HP: 87/87 MP: 13/13
 16418 | Lair:5   | Noticed Sonja
 16432 | Lair:5   | Cast into level 1 of the Abyss (Sonja)
 16438 | Abyss:1  | Got a masterwork ring mail
 16439 | Abyss:1  | Identified the +4 ring mail "Zaogh" {MR+} (You found it on
                  | level 1 of the Abyss)
 16446 | Abyss:2  | Found a corrupted altar of Lugonu.
 16471 | Abyss:2  | Found a corrupted altar of Lugonu.
 16471 | Abyss:2  | Noticed a jiangshi
 16488 | Abyss:2  | Found a corrupted altar of Lugonu.
 16562 | Abyss:2  | Killed from afar by a wretched star

Illustrated notes

Levels and vault maps discovered:
D:1:      heliophobic_arrival_dark_side_of_the_moon, layout_basic,
          serial_forest, infiniplex_forest_straight_4, infiniplex_forest_pool,
          infiniplex_forest_lined_1, infiniplex_forest_diagonal,
          infiniplex_forest_clump_C, minmay_ruptured
D:2:      layout_basic
D:3:      layout_basic, gup_sewer_entry_glass
D:4:      layout_rooms, minmay_temple_entry_large_hall, serial_bayou_lagoon_a,
          kennysheep_flooded_box, uniq_crazy_yiuf_cottage, uniq_eustachio,
          uniq_edmund
D:5:      layout_cave_pools, serial_gnoll_camp, gnoll_camp_mini_doghouse,
          gnoll_camp_mini_hut, gnoll_camp_mini_house, grums_kennel,
          serial_shops, shop, kennysheep_mini, shop, nicolae_shop_stone,
          first_ration
D:6:      layout_basic, uniq_menkaure
D:7:      layout_rooms, lemuel_round_altar, the_bakery, nicolae_elemental_shop
D:8:      layout_basic, nicolae_ru_sacrificial_ziggurat
D:9:      layout_small_grid, lair_entry_dummy, david_orc_5, uniq_erica,
          uniq_pikel, uniq_harold
Temple:   minmay_crystal_snake_temple
Lair:1:   layout_regular_city, infiniplex_staircase_pool_2, grunt_megastairs_2
Lair:2:   layout_loops_ring, spider_nest_entry_web_field
Lair:3:   layout_regular_city, chequers_serial_rivers_large_b,
          chequers_serial_rivers_micro_e, chequers_serial_rivers_micro_b,
          chequers_serial_rivers_micro_e, minmay_lair_oklob_chamber,
          infiniplex_staircase_pool, grunt_megastairs_4
Lair:4:   statuecave_lemuel, layout_concentric_octagons,
          minmay_swamp_entry_reptiles
Lair:5:   layout_cave_pods, grunt_megastairs_3, uniq_sonja
Abyss:2:  base: D:7, evilmike_abyss_exit_16, lemuel_flamethrower_3,
          evilmike_abyss_exit_16

Skill      XL: |  1  2  3  4  5  6  7  8  9 10 11 12 |
---------------+-------------------------------------+-----
Fighting       | 4 5 6 8 10 12 | 12.9
Maces & Flails | 3 4 5 6 7 8 10 11 12 13 | 13.1
Armour         | 5 7 |  7.3
Shields        | 7 |  7.7
Long Blades    | 2 |  2.9
Dodging        | 6 |  6.6

Action                   |  1- 3 |  4- 6 |  7- 9 | 10-12 | 13-15 || total
-------------------------+-------+-------+-------+-------+-------++-------
Melee: Flail             |   190 |   150 |   331 |   647 |    36 ||  1354
       Scimitar          |       |       |       |    10 |       ||    10
Throw: Boomerang         |       |       |       |     1 |       ||     1
Invok: Potion Petition   |       |       |       |       |     2 ||     2
Evoke: Wand              |       |       |       |     4 |     1 ||     5
  Use: Scroll            |     2 |       |    13 |     9 |     5 ||    29
       Potion            |       |     2 |     2 |     1 |     1 ||     6
 Stab: Distracted        |       |       |       |     1 |       ||     1
  Eat: Chunk             |     1 |     5 |     1 |       |       ||     7
       Ration            |     1 |       |     4 |     8 |     1 ||    14
Armor: Scale mail        |    89 |   101 |       |       |       ||   190
       Leather armour    |       |    23 |   201 |   265 |    25 ||   514
Dodge: Dodged            |    43 |    71 |   115 |   242 |    66 ||   537
Block: Kite shield       |    78 |    97 |   170 |   336 |    38 ||   719
       Rpst.: Scimitar   |       |       |       |     2 |       ||     2
